 Dungeon Crawl Stone Soup version 0.13.1-2-gfb2c2b7 (webtiles) character file.

924 Lilouch the Skirmisher (level 7, 0/47 HPs)
             Began as a Demonspawn Chaos Knight on Dec 12, 2013.
             Was a Plaything of Xom.
             Slain by Vidiiot's ghost (6 damage)
             ... on Level 5 of the Dungeon.
             The game lasted 00:19:33 (5702 turns).

Lilouch the Skirmisher (Demonspawn Chaos Knight)    Turns: 5702, Time: 00:19:33

HP   0/47        AC  9     Str 15      XL: 7   Next: 35%
MP   7/7         EV  8     Int 20      God: Xom
Gold 238         SH  0     Dex 12      Spells:  0 memorised,  6 levels left

Res.Fire  : + . .   See Invis. : .   a - +0 spear (chaos) {=f}
Res.Cold  : . . .   Warding    : .   v - +1 scale mail {MR+}
Life Prot.: . . .   Conserve   : .   (no shield)
Res.Poison: .       Res.Corr.  : .   (helmet restricted)
Res.Elec. : .       Clarity    : .   s - +0 cloak
Sust.Abil.: . .     Spirit.Shd : .   w - +0 pair of gauntlets
Res.Mut.  : .       Rnd.Telep. : +   (no boots)
Res.Rott. : .       Flight     : .   p - amulet of faith
Saprovore : . . .                    B - cursed ring of teleportation
                                     j - cursed -2 ring of protection

@: brilliant, quite poisoned, somewhat resistant to hostile enchantments,
extremely unstealthy
A: horns 1, conserve scrolls, deterioration 1, fire resistance 1, -10% hp, AC
+1, Int +2
a: Renounce Religion, Evoke Teleportation


You were on level 5 of the Dungeon.
You worshipped Xom.
You were a plaything of Xom.
You were hungry.

You visited 2 branches of the dungeon, and saw 6 of its levels.

You collected 218 gold pieces.

Inventory:

Hand weapons
 a - a +0,+0 spear of chaos (weapon) {=f}
 t - a +0,+0 crossbow
 S - a +0,+0 spear (quivered)
Missiles
 F - 5 poisoned needles
 J - a dart of dispersal
 N - 12 bolts of frost
Armour
 b - a +2 leather armour
 o - a +2 plate armour
 s - a +0 cloak (worn)
 v - a +1 scale mail of magic resistance (worn)
 w - a +0 pair of gauntlets (worn)
Magical devices
 y - a wand of confusion (12) {unknown}
 z - a wand of teleportation (4) {unknown}
 H - a wand of hasting (2)
Comestibles
 c - 6 bread rations
 f - a choko
 r - 2 meat rations
 E - a slice of pizza
 G - an apple
 O - a chunk of goblin flesh
 R - a chunk of quokka flesh
 T - 2 chunks of goblin flesh
Scrolls
 d - 2 scrolls of curse weapon {unknown}
 g - 5 scrolls of identify {unknown}
 i - a scroll of curse armour {unknown}
 k - 3 scrolls of curse jewellery {unknown}
 m - a scroll of amnesia {unknown}
 n - a scroll of fog {unknown}
 u - 3 scrolls of remove curse {unknown}
 I - a scroll of enchant armour {unknown}
 K - a scroll of teleportation {unknown}
 L - a scroll of fear {unknown}
 P - a scroll of immolation {unknown}
Jewellery
 j - a cursed -2 ring of protection (left hand)
 p - an amulet of faith (around neck)
 A - a +6 ring of dexterity {unknown}
 B - a cursed ring of teleportation (right hand)
Potions
 e - a potion of agility {unknown}
 h - a potion of curing
 l - 2 potions of heal wounds {unknown}
 q - 2 potions of brilliance
 x - a potion of might {unknown}
 C - a potion of speed {unknown}
 D - a potion of invisibility {unknown}
 M - 2 potions of poison {unknown}


   Skills:
 + Level 5.5 Fighting
 + Level 5.0 Polearms
 + Level 4.5 Armour
 - Level 0.8 Dodging


You had 6 spell levels left.
You didn't know any spells.

Dungeon Overview and Level Annotations

Branches:
Dungeon (5/27)             Temple (1/1) D:4

Altars:
Nemelex Xobeh
Trog
Yredelemnul

Annotations:
D:5 Vidiiot's ghost, average KoWz


Innate Abilities, Weirdness & Mutations

You have a pair of small horns on your head.
You are partially covered in molten scales (AC +1).
You are very good at protecting items from fire.
Your flesh is heat resistant.
Your mind is acute. (Int +2)
Your body is slowly deteriorating.
You are frail (-10% HP).


Message History

You hit it but do no damage.
You feel yourself come back to life.
You are feeling hungry.
It hits you but does no damage.
You are more poisoned.
Drink which item? (? for menu, Esc to quit)
You feel better.
You hear some strange, mumbled words.
The magic dart hits you!
You hit it. It hits you.
* * * LOW HITPOINT WARNING * * *
You are poisoned.
You barely miss it. It hits you!
* * * LOW HITPOINT WARNING * * *
You are more poisoned.
You hit it but do no damage.
* * * LOW HITPOINT WARNING * * *
You feel sick. It hits you.
You die... "Huh?
Did I miss anything?"

............##.##.####.....# #.#
.. #..(...(((%.....# #.....# #.#
#..##.##(###.##.##.# #.....# #.#
#..##.##.###.##.##p# #.....###.#
#.............#.##.# #..........
#..##.##.###..#.##.# #..........
#.............#.##.# #...........
#.###.##.###..#.##.###.##.###....
#.###.##.# #....@................
'........# #..#.#...##.#..###.###
#.###.#..# #..#.#...# # #.#
#........# #..#.#...# ...
#.###.#.## #..#.#...# .#.#
#.###.#.# #..#.#...# .#.#
......#.# #..#.#...# . #.#
#.###.#.####..#.....# #.#
...................


There were no monsters in sight!

Vanquished Creatures
  An ogre (D:4)
  A centaur (D:5)
  An orc priest (D:3)
  2 crimson imps (D:5)
  A hound (D:4)
  An iguana (D:4)
  2 orc wizards (D:3)
  4 worker ants
  5 gnolls
  4 adders
  A giant centipede (D:2)
  A worm (D:1)
  An adder skeleton (D:4)
  5 oozes
  15 orcs
  A ball python (D:3)
  15 bats
  6 giant cockroaches
  10 goblins
  19 hobgoblins
  9 jackals
  9 kobolds
  6 giant geckos
  6 giant newts
  3 quokkas
  18 rats
  A rat skeleton (D:5)
148 creatures vanquished.

Vanquished Creatures (others)
  An ooze (D:1)
  A butterfly (D:4)
2 creatures vanquished.

Grand Total: 150 creatures vanquished

Notes
Turn   | Place    | Note
--------------------------------------------------------------
     0 | D:1      | Lilouch, the Demonspawn Chaos Knight, began the quest for the Orb.
     0 | D:1      | Reached XP level 1. HP: 16/16 MP: 1/1
    10 | D:1      | XOM: harmless Hex miscast
    21 | D:1      | Gained mutation: You are very good at protecting items from fire. [demonic ancestry]
    21 | D:1      | Reached XP level 2. HP: 2/22 MP: 2/2
   911 | D:1      | Gained mutation: You have a pair of small horns on your head. [demonic ancestry]
   911 | D:1      | Reached XP level 3. HP: 28/28 MP: 3/3
  1214 | D:1      | XOM: harmless Ice miscast
  1617 | D:2      | Reached XP level 4. HP: 29/34 MP: 4/4
  1801 | D:2      | XOM: harmless Tloc miscast
  2341 | D:2      | XOM: harmless Conj miscast
  2477 | D:2      | Reached skill level 4 in Fighting
  2508 | D:2      | XOM: harmless Hex miscast
  2690 | D:3      | XOM: harmless Summ miscast
  2728 | D:3      | XOM: harmless Trmt miscast
  2775 | D:3      | Gained mutation: Your flesh is heat resistant. [demonic ancestry]
  2775 | D:3      | Reached XP level 5. HP: 38/40 MP: 5/5
  2777 | D:3      | XOM: harmless Hex miscast
  2810 | D:3      | XOM: silly message
  2903 | D:3      | XOM: colour smoke trail
  3197 | D:3      | XOM: colour smoke trail
  3208 | D:3      | XOM: harmless Ice miscast
  3246 | D:3      | Reached XP level 6. HP: 47/47 MP: 6/6
  3409 | D:3      | XOM: harmless Ice miscast
  3585 | D:4      | Found a staircase to the Ecumenical Temple.
  3625 | D:4      | XOM: mild Conj miscast
  3963 | D:4      | XOM: mild Summ miscast
  4004 | D:4      | XOM: give mutations
  4004 | D:4      | Gained mutation: You passively map a small area around you. [Xom's mischief]
  4004 | D:4      | Lost mutation: You passively map a small area around you. [Xom's mischief]
  4004 | D:4      | Gained mutation: Your body is slowly deteriorating. [Xom's mischief]
  4004 | D:4      | Gained mutation: You are frail (-10% HP). [Xom's mischief]
  4058 | D:4      | XOM: god gift: scroll labeled HEICLUIJIE
  4232 | D:4      | Reached skill level 5 in Fighting
  4401 | Temple   | Entered the Ecumenical Temple
  4534 | D:4      | XOM: cast spell 'Summon Butterflies'
  4561 | D:4      | XOM: vitrification
  4620 | D:4      | Found a bloodstained altar of Trog.
  4641 | D:4      | XOM: vitrification
  4759 | D:5      | Entered Level 5 of the Dungeon
  4767 | D:5      | Gained mutation: You are partially covered in molten scales (AC +1). [demonic ancestry]
  4767 | D:5      | Reached XP level 7. HP: 24/47 MP: 7/7
  4974 | D:5      | Found a sparkling altar of Nemelex Xobeh.
  4974 | D:5      | Found a basalt altar of Yredelemnul.
  4974 | D:5      | XOM: 8-stop teleportation journey
  4975 | D:5      | Noticed Vidiiot's ghost (average KoWz)
  4975 | D:5      | XOM: confuse monster(s)
  5029 | D:5      | XOM: summons friendly lemure
  5160 | D:5      | XOM: god gift: amulet of faith {god gift}
  5470 | D:5      | Reached skill level 5 in Polearms
  5676 | D:5      | XOM: give mutation
  5676 | D:5      | Gained mutation: Your mind is acute. (Int +2) [Xom's grace]
  5702 | D:5      | Slain by Vidiiot's ghost

Action                   |  1- 3 |  4- 6 |  7- 9 || total
-------------------------+-------+-------+-------++-------
Melee: Spear             |   162 |   344 |   139 ||   645
Throw: Spear             |       |       |     1 ||     1
  Use: Potion            |       |       |     3 ||     3
 Stab: Confused          |     2 |       |       ||     2
       Paralysed         |     1 |     2 |     3 ||     6
       Petrifying        |     1 |       |       ||     1
       Petrified         |       |     2 |       ||     2
